AoeStats
← owengold23

Hideout

510018736Analyzed
1v1 RM · 4d ago on Sep 29, 2026· 36m 47s· 2 players
Game mode
Random Map
Map size
Tiny (2 player)
Population
200
Speed
Normal
Resources
Standard
Victory
Conquest
Starting age
Dark Age
Ending age
Imperial Age
RankedLock teamsTeams togetherTeam positionsShared explorationLock speedFull tech treeHidden civsTurbo modeCheats
Victory
Defeat
🇨🇴 Mongols · Colombia
1715
+11
🇦🇺 Magyars · Australia
1593
-11
owengold23
9:39 Feudal Age
15:05 Castle Age
13:28 Double-Bit Axe
14:20 Horse Collar
16:31 Bow Saw
16:54 Loom
23:56 Wheelbarrow
25:05 Fletching
25:33 Padded Archer Armor
26:44 Heavy Plow
27:14 Hand Cart
26:45 Town Watch
30:47 Imperial Age
28:50 Bloodlines
28:34 Elite Skirmisher
29:10 Bodkin Arrow
29:33 Scale Barding Armor
30:37 Leather Archer Armor
31:37 Ballistics
31:18 Gold Mining
31:19 Stone Mining
31:31 Bracer
32:59 Chemistry
33:58 Two-Man Saw
32:26 Light Cavalry
33:06 Husbandry
34:05 Masonry
34:23 Chain Barding Armor
34:17 Cavalier
36:09 Plate Barding Armor
xXxDstroyxXx
10:14 Feudal Age
12:08 Double-Bit Axe
12:22 Loom
14:47 Castle Age
12:39 Horse Collar
16:26 Bow Saw
20:27 Town Watch
24:34 Wheelbarrow
24:06 Town Patrol
24:50 Fletching
26:48 Hand Cart
26:45 Bodkin Arrow
28:14 Ballistics
27:52 Gold Mining
31:24 Imperial Age
29:38 Bloodlines
29:29 Husbandry
31:15 Padded Archer Armor
30:37 Light Cavalry
31:28 Thumb Ring
31:50 Scale Barding Armor
31:55 Forging
32:09 Bracer
32:24 Leather Archer Armor
31:44 Hussar
34:18 Chemistry
33:29 Masonry
33:44 Forging
34:23 Chain Barding Armor
35:45 Iron Casting
36:03 Conscription
Connection lost

Rejoining the realm…

Still unreachable

The connection could not be restored.

Session expired

The server has moved on; the page needs a fresh start.